 Dungeon Crawl Stone Soup version 0.29-a0-609-gb56f46d856 (webtiles) character file.

Game seed: 16743068554347467066

436 Nedwor the Cudgeller (level 6, -1/56 HPs)
             Began as a Minotaur Berserker on June 16, 2022.
             Was a Priest of Trog.
             Succumbed to a scorpion's poison
             ... on level 4 of the Dungeon.
             The game lasted 00:03:23 (3019 turns).

Nedwor the Cudgeller (Minotaur Berserker)           Turns: 3019, Time: 00:03:24

Health: -1/56      AC: 13    Str: 24    XL:     6   Next: 69%
Magic:  5/5        EV:  7    Int:  4    God:    Trog [***...]
Gold:   189        SH:  0    Dex:  9    Spells: 5/5 levels left

rFire   . . .      SeeInvis .   v - +0 morningstar
rCold   + . .      Faith    .   (no shield)
rNeg    . . .      Spirit   .   e - +0 plate armour
rPois   .          Reflect  .   (helmet restricted)
rElec   .          Harm     .   w - +0 cloak
rCorr   .          Rampage  .   (no gloves)
Will    .....                   (no boots)
Stlth   ..........              (no amulet)
HPRegen 0.18/turn               j - ring of protection from cold
MPRegen 0.09/turn               (no ring)

@: lethally poisoned (-1 -> -19), on berserk cooldown, slowed, very slow
A: horns 2, retaliatory headbutt
a: Renounce Religion, Berserk, Trog's Hand


You were on level 4 of the Dungeon.
You worshipped Trog.
Trog was most pleased with you.
You visited 1 branch of the dungeon, and saw 4 of its levels.

You collected 189 gold pieces.

Inventory:

Hand Weapons
 v - a +0 morningstar (weapon)
Armour
 e - a +0 plate armour (worn)
 w - a +0 cloak (worn)
Jewellery
 j - a ring of protection from cold (left hand)
 m - an amulet of faith
 n - an amulet of magic regeneration
Scrolls
 a - a scroll of silence {unknown}
 b - a scroll of vulnerability {unknown}
 d - 3 scrolls of teleportation {unknown}
 k - a scroll of amnesia {unknown}
 o - a scroll of magic mapping {unknown}
 p - a scroll of identify {unknown}
 q - a scroll of brand weapon {unknown}
 r - a scroll of summoning {unknown}
 t - a scroll of fear {unknown}
Potions
 c - 2 potions of cancellation {unknown}
 f - 2 potions of curing {unknown}
 g - 2 potions of heal wounds {unknown}
 h - 2 potions of berserk rage {unknown}
 i - 3 potions of flight {unknown}
 l - a potion of brilliance {unknown}
 s - a potion of resistance {unknown}
 u - a potion of mutation {unknown}


   Skills:
 + Level 5.2 Fighting
 * Level 6.5 Maces & Flails
 + Level 4.3 Armour
 + Level 3.9 Dodging


You had 5 spell levels left.
You didn't know any spells.
Your spell library was empty.

Dungeon Overview and Level Annotations

Branches:
Dungeon (4/15)
 Temple: D:4-7

Altars:
Cheibriados
Trog

Annotations:
D:4 Heedrag's ghost, novice DsCj


Innate Abilities, Weirdness & Mutations

You have a pair of horns on your head.
You reflexively headbutt those who attack you in melee.


Message History

You feel very sick.
The scorpion stings you but does no damage.
The kobold hits you with a +0 whip.
Heedrag's ghost hits you but does no damage.
You puncture Heedrag's ghost! Your headbutt misses Heedrag's ghost.
Heedrag's ghost is severely damaged.
You are no longer berserk.
You are exhausted.
You feel yourself slow down.
You feel sick. The scorpion stings you.
You are more poisoned.
The scorpion poisons you!
You closely miss Heedrag's ghost.
Heedrag's ghost is severely damaged.
You feel extremely sick.
The gnoll shaman hits you but does no damage.
A goblin comes into view.
It is wielding a +0 trident and quivering poisoned darts.
The kobold hits you with a +0 whip. Heedrag's ghost hits you.
The scorpion stings you but does no damage.
The gnoll shaman hits you but does no damage.
The kobold barely misses you.
Heedrag's ghost hits you but does no damage.
The scorpion closely misses you.
You hit Heedrag's ghost but do no damage.
Heedrag's ghost is severely damaged.
* * * LOW HITPOINT WARNING * * *
You feel very sick. The gnoll shaman barely misses you.
The kobold hits you with a +0 whip.
* * * LOW HITPOINT WARNING * * *
Heedrag's ghost hits you but does no damage.
The scorpion stings you.
* * * LOW HITPOINT WARNING * * *
You are more poisoned.
The scorpion poisons you!
The gnoll shaman hits you but does no damage.
The kobold hits you but does no damage.
Heedrag's ghost hits you but does no damage.
The scorpion stings you but does no damage.
You barely miss Heedrag's ghost.
Heedrag's ghost is severely damaged.
You die...

# #.##..#.......#..# #
#.##..#.......#..# ##
#.##..#.##.##.#..# .#
#.##..#.##.##.#..# .#
#..#..#.##.##.#..#
>######.#..#.......#..#
......#.#..#....5..#..##
...........###'KW###...#
...#..#.....g..s@......#
....†...÷......g.......#
......##......#.##.....#
##.#.###...####.##..####
...).###........##.#########
##........########..).......
########.### #####....#.
#.......# ..... .....###.#.#
##### ....


You could see a gnoll shaman, a scorpion, Heedrag's ghost, a shadow imp, a
goblin and a kobold.

Vanquished Creatures
  A scorpion (D:4)
  2 hounds (D:4)
  2 orc priests
  Jessica (D:2)
  Terence (D:2)
  2 orc wizards (D:4)
  6 adders
  A worm (D:3)
  3 dart slugs
  11 orcs
  7 endoplasms
  A giant cockroach (D:1)
  6 goblins
  10 hobgoblins
  2 jackals (D:2)
  3 quokkas
  9 ball pythons
  6 bats
  3 frilled lizards
  8 kobolds
  6 rats
91 creatures vanquished.

Notes
Turn   | Place    | Note
-------+----------+-------------------------------------------
     0 | D:1      | Nedwor the Minotaur Berserker began the quest for the Orb.
     0 | D:1      | Reached XP level 1. HP: 19/19 MP: 0/0
   179 | D:1      | Reached XP level 2. HP: 14/27 MP: 1/1
   417 | D:1      | Reached skill level 4 in Maces & Flails
   878 | D:2      | Noticed Jessica
   887 | D:2      | Killed Jessica
   888 | D:2      | Reached XP level 3. HP: 12/33 MP: 2/2
  1152 | D:2      | Reached ** piety under Trog
  1483 | D:2      | Reached XP level 4. HP: 40/40 MP: 3/3
  1558 | D:2      | Found a faded altar of an unknown god.
  1630 | D:2      | Noticed Terence
  1641 | D:2      | Killed Terence
  1642 | D:2      | Reached skill level 5 in Maces & Flails
  1850 | D:3      | Reached XP level 5. HP: 42/47 MP: 4/4
  2160 | D:3      | Reached *** piety under Trog
  2388 | D:3      | Found a bloodstained altar of Trog.
  2637 | D:4      | Found a runed translucent gate.
  2638 | D:4      | Found a runed translucent gate.
  2638 | D:4      | Found a runed translucent gate.
  2640 | D:4      | Noticed Heedrag's ghost (novice DsCj)
  2694 | D:4      | Reached XP level 6. HP: 55/55 MP: 5/5
  2694 | D:4      | Found a snail-covered altar of Cheibriados.
  2759 | D:4      | Reached skill level 6 in Maces & Flails
  2762 | D:4      | Reached skill level 5 in Fighting
  3019 | D:4      | Succumbed to a scorpion's poison

Illustrated notes

Levels and vault maps discovered:
D:1:      scummos_arrival_star, layout_loops_cross
D:2:      layout_loops_ring, ebering_ecumenical_altar_rust,
          minmay_randomly_rotated_circles, uniq_terence, uniq_jessica
D:3:      layout_rooms, trog_three_pillars_becter, kennysheep_generic_room_2
D:4:      layout_loops_cross, old_standard_altar, gammafunk_ghost_split,
          minmay_cut_off, uniq_grinder, uniq_ijyb

Skill      XL: |  1  2  3  4  5  6 |
---------------+-------------------+-----
Maces & Flails | 4 5 6 |  6.5
Fighting       | 4 5 |  5.2
Armour         | 3 4 |  4.3
Dodging        | 3 |  3.9

Action                   |  1- 3 |  4- 6 || total
-------------------------+-------+-------++-------
Melee: Mace              |    78 |   122 ||   200
       Headbutt          |     7 |    23 ||    30
       Punch             |     1 |       ||     1
       Morningstar       |       |    43 ||    43
Invok: Berserk           |       |     1 ||     1
Armor: Animal skin       |     4 |       ||     4
       Plate armour      |    41 |   112 ||   153
Dodge: Dodged            |    36 |    64 ||   100

Table legend: (Time is in decaauts)
 A = Elapsed time spent in this place.
 B = Non-inter-level travel time spent in this place.
 C = Inter-level travel time spent in this place.
 D = Time resting spent in this place.
 E = Time spent auto-exploring this place.
 F = Levels seen in this place.
 G = Mean time per level.
                   A        B        C        D        E       F      G
               +--------+--------+--------+--------+--------+-----+--------+
         Total |   3052 |   2996 |     56 |    301 |   2129 |   4 |  763.0 |
       Dungeon |   3052 |   2996 |     56 |    301 |   2129 |   4 |  763.0 |
               +--------+--------+--------+--------+--------+-----+--------+

Top non-repeatable levels by time:
     D:2: 982 daAuts
     D:1: 836 daAuts
     D:3: 830 daAuts
     D:4: 403 daAuts
